 Dungeon Crawl Stone Soup version 0.29-a0-321-gf1c400731a (webtiles) character file.

Game seed: 14482617075875794536

89 Ajdolov the Ogre Mage (level 4, -9/45 HPs)
             Began as an Ogre Fire Elementalist on Apr 3, 2022.
             Mangled by an iguana (12 damage)
             ... on level 3 of the Dungeon.
             The game lasted 00:04:46 (3470 turns).

Ajdolov the Ogre Mage (Ogre Fire Elementalist)      Turns: 3470, Time: 00:04:47

Health: -9/45      AC:  3    Str: 12    XL:     4   Next: 55%
Magic:  9/9        EV:  9    Int: 18    God:
Gold:   90         SH:  0    Dex:  9    Spells: 7/10 levels left

rFire   . . .      SeeInvis .   o - +3 dagger
rCold   . . .      Faith    .   (no shield)
rNeg    . . .      Spirit   .   a - +0 robe
rPois   .          Reflect  .   (helmet restricted)
rElec   .          Harm     .   (no cloak)
rCorr   .          Rampage  .   (gloves unavailable)
Will    .....                   (boots unavailable)
Stlth   +.........              (no amulet)
HPRegen 0.15/turn               (no ring)
MPRegen 0.11/turn               (no ring)

@: no status effects
A: large, unfitting armour, tough skin 1
a: no special abilities


You were on level 3 of the Dungeon.
You visited 1 branch of the dungeon, and saw 3 of its levels.

You collected 90 gold pieces.

Inventory:

Hand Weapons
 o - a +3 dagger (weapon)
Missiles
 i - a throwing net
Armour
 a - a +0 robe (worn)
Scrolls
 g - a scroll of enchant armour
 h - a scroll of magic mapping
 l - a scroll of fear
 p - a scroll of immolation
 r - a scroll of summoning {unknown}
Potions
 c - 2 potions of mutation {unknown}
 d - a potion of heal wounds {unknown}
 f - a potion of flight {unknown}
 j - 2 potions of attraction {unknown}
 k - a potion of haste {unknown}
 m - a potion of berserk rage {unknown}
 n - 2 potions of curing {unknown}
 q - a potion of resistance {unknown}


   Skills:
 + Level 3.1 Fighting
 - Level 1.7 Dodging
 - Level 1.4 Stealth
 + Level 3.6 Spellcasting
 - Level 0.8 Conjurations
 * Level 3.3 Fire Magic


You had 7 spell levels left.
You knew the following spells:

 Your Spells              Type           Power      Damage    Failure   Level
a - Foxfire               Conj/Fire      40%        2x1d6     6%          1
b - Scorch                Fire           30%        2d6       6%          2

Your spell library contained the following spells:

 Spells                   Type           Power      Damage    Failure   Level
 Conjure Flame            Conj/Fire      10%        6-21      19%         3
 Inner Flame              Hex/Fire       9%         N/A       24%         3
 Flame Wave               Conj/Fire      10%        2d5       54%         4


Dungeon Overview and Level Annotations

Branches:
Dungeon (3/15)

Altars:


Innate Abilities, Weirdness & Mutations

You are too large for most types of armour.
You have tough skin. (AC +1)


Message History

Your magical contamination has completely faded away.
You now have 90 gold pieces (gained 7).
A dart slug comes into view.
Flames lash the dart slug.
The dart slug is severely wounded.
The dart slug's fire resistance burns away.
Flames lash the dart slug.
The dart slug is burned terribly!
You kill the dart slug!
An orc comes into view.
It is wielding a +0 dagger of holy wrath.
An iguana comes into view.
The orc shouts!
Flames lash the orc.
The orc is almost dead.
The orc's fire resistance burns away.
Flames lash the orc.
The orc is burned terribly!
You kill the orc!
Flames lash the iguana.
The iguana is lightly wounded.
The iguana's fire resistance burns away.
Flames lash the iguana but do no damage.
The iguana bites you!
You don't have enough magic to cast this spell.
You hit the iguana.
The iguana is moderately wounded.
The iguana is no longer more vulnerable to fire.
The iguana bites you!
You hit the iguana but do no damage.
The iguana is moderately wounded.
The iguana bites you!
* * * LOW HITPOINT WARNING * * *
You hit the iguana but do no damage.
The iguana is moderately wounded.
The iguana bites you!
* * * LOW HITPOINT WARNING * * *
Casting: Scorch (safe; 6% risk of failure)
Confirm with . or Enter, or press ? or * to list all spells.
You don't know that spell.
Okay, then.
Magic courses through your body. The iguana bites you!
You die...

####...#. #.##......#...
......... #..#..#.#...#.
........# ###.#....#.....
........# #..(.......#.##
........# ###.#.###......
......).# #.......#.###
........#####.#.#.......#
........l.......#.......#
....#.#.@...............#
... #.#.#######.........#
. #...#..........##...#
...#.................#
###.#.# ..........#.#.. #
#.# #..#......#.### #.#
#.....<#..# #.
...........# ..........##


You could see an iguana.

Vanquished Creatures
  2 adders
  A worm (D:3)
  4 dart slugs
  An orc (D:3)
  5 ball pythons
  6 bats
  4 endoplasms
  2 giant cockroaches
  4 goblins
  7 hobgoblins
  9 jackals (D:1)
  A quokka (D:1)
  A frilled lizard (D:1)
  3 kobolds (D:1)
  2 rats
52 creatures vanquished.

Vanquished Creatures (others)
  20 foxfires (D:1)
20 creatures vanquished.

Grand Total: 72 creatures vanquished

Notes
Turn   | Place    | Note
-------+----------+-------------------------------------------
     0 | D:1      | Ajdolov the Ogre Fire Elementalist began the quest for the
                  | Orb.
     0 | D:1      | Reached XP level 1. HP: 16/16 MP: 3/3
     4 | D:1      | Noticed an elephant
    48 | D:1      | Reached skill level 1 in Fighting
   109 | D:1      | Reached XP level 2. HP: 27/27 MP: 1/5
  1110 | D:1      | Reached XP level 3. HP: 34/35 MP: 7/7
  1113 | D:1      | Learned a level 2 spell: Scorch
  1849 | D:1      | Noticed an anaconda
  2210 | D:2      | You fall into a shaft and drop 1 floor!
  2429 | D:2      | Reached XP level 4. HP: 40/44 MP: 1/9
  3470 | D:3      | Mangled by an iguana

Illustrated notes

Levels and vault maps discovered:
D:1:      sevenhm_arrival_forest_fort_small_2, layout_basic,
          minmay_indecisive_spiral
D:2:      layout_basic
D:3:      layout_basic

Skill      XL: |  1  2  3  4 |
---------------+-------------+-----
Fighting       | 1 2 3 |  3.1
Spellcasting   | 3 |  3.6
Fire Magic     | 3 |  3.3
Dodging        | |  1.7
Stealth        | |  1.4
Conjurations   | |  0.8

Action                   |  1- 3 |  4- 6 || total
-------------------------+-------+-------++-------
Melee: Unarmed           |     3 |       ||     3
       Short sword       |    96 |       ||    96
       Punch             |     1 |       ||     1
       Rapier            |       |    10 ||    10
       Dagger            |       |     8 ||     8
 Cast: Foxfire           |    11 |       ||    11
       Scorch            |    22 |    19 ||    41
  Use: Scroll            |       |     4 ||     4
       Potion            |       |     1 ||     1
Armor: Robe              |    59 |     3 ||    62
Dodge: Dodged            |    81 |     6 ||    87

Table legend: (Time is in decaauts)
 A = Elapsed time spent in this place.
 B = Non-inter-level travel time spent in this place.
 C = Inter-level travel time spent in this place.
 D = Time resting spent in this place.
 E = Time spent auto-exploring this place.
 F = Levels seen in this place.
 G = Mean time per level.
                   A        B        C        D        E       F      G
               +--------+--------+--------+--------+--------+-----+--------+
         Total |   3480 |   3398 |     82 |     98 |   2827 |   3 | 1160.0 |
       Dungeon |   3480 |   3398 |     82 |     98 |   2827 |   3 | 1160.0 |
               +--------+--------+--------+--------+--------+-----+--------+

Top non-repeatable levels by time:
     D:1: 2082 daAuts
     D:2: 743 daAuts
     D:3: 655 daAuts
